Atomiques vs Princes
Created - 22 mars 2013 at 18:59
Goals
|
| Atomiques |
0 |
1 |
0 |
1 |
| Princes |
0 |
1 |
2 |
3 |
|
Shots
|
| Atomiques |
11 |
11 |
4 |
26 |
| Princes |
6 |
17 |
11 |
34 |
|
1st period
No Goal
Penalties :
Ryan Hollweg (Cal) for Roughing (Minor) at 0:21, Michael Haley (Cal) for Holding (Minor) at 10:52, Mason Raymond (Cal) for Hooking (Minor) at 16:16
2nd period
1. Atomiques , Patrik Berglund 19 (Brendon Nash, James Van Riemsdyk) at 3:23
2. Princes , Patric Hornqvist 31 (Ryan Hollweg, Nate Prosser) at 3:37
Penalties :
Sean Zimmerman (Cal) for Tripping (Minor) at 5:07, Nick Johnson (STB) for Diving (Minor) at 8:00, Jonathan Tremblay (Cal) for High sticking (Minor) at 11:49, Nick Johnson (STB) for Hooking (Minor) at 11:49
3rd period
3. Princes , Patric Hornqvist 32 (Ryan Hollweg, Michael Nylander) at 5:21
4. Princes , P.J. Axelsson 10 (Brian McGrattan, Jason Strudwick) at 19:55 (Empty Net)
Penalties :
Theo Peckham (Cal) for Hooking (Minor) at 1:45, James Van Riemsdyk (STB) for Slashing (Double Minor) at 6:22, Kyle Turris (STB) for Holding Stick (Minor) at 19:58
Goalie Stats
Mike Brodeur (STB), 31 saves from 33 shots - (0,939), L, 25-8-3, 59:46 minutes
Manny Legace (Cal), 25 saves from 26 shots - (0,962), W, 10-7-1, 60:00 minutes
Players Stats for Atomiques
Player Name G A P +/- PIM S H SB GA TA FO MP PP MP PK MP
------------------------------------------------------------------------------------
Adam Pardy 0 0 0 0 0 4 0 0 0 0 0/0 21:19 3:25 2:37
Brendon Nash 0 1 1 0 0 2 1 0 1 2 0/0 18:35 3:25 0:00
Brett Sutter 0 0 0 -1 0 1 3 0 0 0 7/9 14:27 0:09 2:01
Carl Hagelin 0 0 0 -1 0 0 1 0 0 2 0/0 7:32 0:00 0:30
Chris Clark 0 0 0 0 0 3 0 0 1 0 0/0 6:38 2:59 0:00
Daniel Tjarnqvist 0 0 0 -2 0 1 0 2 0 2 0/0 14:51 0:00 3:22
Denis Hamel 0 0 0 -1 0 0 3 0 0 1 0/1 18:48 4:35 2:06
Drew Larman 0 0 0 -2 0 0 0 0 0 0 1/5 8:30 0:00 0:14
James Van Riemsdyk 0 1 1 0 4 3 1 3 0 0 1/4 23:20 5:19 0:58
John Zeiler 0 0 0 0 0 1 0 0 0 0 0/0 10:12 0:21 0:00
Kenndal McArdle 0 0 0 0 0 1 2 0 0 0 1/1 13:01 0:45 1:11
Kyle Turris 0 0 0 0 2 1 0 0 0 0 2/5 18:27 4:35 2:17
Mattias Ohlund 0 0 0 -1 0 0 0 1 2 2 0/0 28:20 6:30 3:22
Nick Johnson 0 0 0 -2 4 1 0 0 0 1 2/8 14:10 1:29 0:00
Patrik Berglund 1 0 1 1 0 5 0 2 0 0 4/18 12:08 4:14 0:00
Sergei Shirokov 0 0 0 0 0 2 3 2 2 0 1/3 24:45 5:19 2:41
Shawn Belle 0 0 0 -1 0 1 1 0 0 1 0/0 10:21 0:00 0:00
Wes O'Neill 0 0 0 0 0 0 0 2 0 1 0/0 26:34 6:30 2:37
Players Stats for Princes
Player Name G A P +/- PIM S H SB GA TA FO MP PP MP PK MP
------------------------------------------------------------------------------------
Alexander Korolyuk 0 0 0 0 0 2 3 0 0 0 0/0 14:54 0:56 0:56
Boyd Gordon 0 0 0 0 0 5 1 0 3 0 7/12 20:09 2:25 3:46
Brian McGrattan 0 1 1 0 0 4 1 0 1 0 1/1 13:03 0:49 1:15
Jason Strudwick 0 1 1 1 0 2 1 1 0 1 0/0 14:48 0:23 4:07
John Madden 0 0 0 0 0 2 1 0 0 0 4/5 11:45 0:14 3:46
Jonathan Tremblay 0 0 0 0 2 0 2 0 0 0 0/0 6:45 0:17 0:00
Kevin Shattenkirk 0 0 0 0 0 0 0 0 0 1 0/0 15:53 3:29 0:00
Mason Raymond 0 0 0 -1 2 3 1 0 3 0 0/0 12:24 2:25 0:00
Michael Haley 0 0 0 0 2 0 0 0 0 0 0/1 6:23 0:00 0:00
Michael Nylander 0 1 1 3 0 2 1 1 1 1 19/29 21:34 2:47 5:03
Nate Prosser 0 1 1 1 0 0 1 1 0 1 0/0 17:55 3:29 0:00
Noah Welch 0 0 0 2 0 2 2 1 1 0 0/0 22:11 0:23 4:07
P.J. Axelsson 1 0 1 1 0 3 0 0 1 0 0/0 6:22 0:10 5:04
Patric Hornqvist 2 0 2 2 0 3 0 0 0 0 1/1 15:01 2:45 0:00
Rhett Warrener 0 0 0 0 0 0 0 1 0 1 0/0 12:34 0:00 5:48
Rostislav Klesla 0 0 0 0 0 0 0 0 0 0 0/0 6:42 2:07 0:00
Ryan Hollweg 0 2 2 2 2 3 3 0 1 0 1/1 14:49 2:44 0:00
Sean Zimmerman 0 0 0 0 2 0 0 1 1 0 0/0 19:59 2:07 4:20
T.J. Oshie 0 0 0 0 0 2 1 0 0 0 1/1 14:16 2:25 0:00
Theo Peckham 0 0 0 0 2 1 0 0 0 1 0/0 11:06 0:00 1:28
Tyler Brenner 0 0 0 -1 0 0 0 0 0 0 1/3 9:27 0:00 0:00
3 Stars
1 - Patric Hornqvist (Cal)
2 - Manny Legace (Cal)
3 - Ryan Hollweg (Cal)
Power Play
Atomiques - 0 on 5 Attempt(s) - 0,00%
Princes - 0 on 4 Attempt(s) - 0,00%
Penalty Kill
Atomiques - 4 on 4 Attempt(s) - 100,00%
- Score 0 goal in Penalty Kill
Princes - 5 on 5 Attempt(s) - 100,00%
- Score 0 goal in Penalty Kill
Official
Referees : Pochmara Brian and StLaurent Francois
Linesman : Jonny Murray and Scott Driscoll
Game Notes
Chris Clark is injured at 0:33 of 2nd period (Broken Right Thumb)
Patrik Berglund is injured at 7:56 of 2nd period (Left Hand)
P.J. Axelsson has scored in a empty net!
Atomiques
5 vs 5 Forward
Center Left Wing Right Wing Time % Phy DF OF
1 Patrik Berglund James Van Riemsdyk Sergei Shirokov 40 1 2 2
2 Brett Sutter Denis Hamel Chris Clark 30 1 2 2
3 Kyle Turris Kenndal McArdle John Zeiler 20 1 2 2
4 Drew Larman Carl Hagelin Nick Johnson 10 1 2 2
5 vs 5 Defense
Defense Defense Time % Phy DF OF
1 Mattias Ohlund Wes O'Neill 40 1 2 2
2 Adam Pardy Brendon Nash 30 1 2 2
3 Shawn Belle Daniel Tjarnqvist 20 1 2 2
4 Mattias Ohlund Wes O'Neill 10 1 2 2
PowerPlay Forward
Center Left Wing Right Wing Time % Phy DF OF
1 Patrik Berglund James Van Riemsdyk Sergei Shirokov 60 1 2 2
2 Kyle Turris Denis Hamel Chris Clark 40 1 2 2
PowerPlay Defense
Defense Defense Time % Phy DF OF
1 Mattias Ohlund Wes O'Neill 60 1 2 2
2 Adam Pardy Brendon Nash 40 1 2 2
Penalty Kill 4 Players Forward
Center Wing Time % Phy DF OF
1 Sergei Shirokov Chris Clark 60 1 2 2
2 Denis Hamel John Zeiler 40 1 2 2
Penalty Kill 4 Players Defense
Defense Defense Time % Phy DF OF
1 Mattias Ohlund Daniel Tjarnqvist 60 1 2 2
2 Adam Pardy Wes O'Neill 40 1 2 2
Penalty Kill - 3 Players Forward
Forward Time % Phy DF OF
1 Sergei Shirokov 60 1 2 2
2 Chris Clark 40 1 2 2
Penalty Kill - 3 Players Defense
Defense Defense Time % Phy DF OF
1 Mattias Ohlund Daniel Tjarnqvist 60 1 2 2
2 Adam Pardy Wes O'Neill 40 1 2 2
4 vs 4 Forward
Center Wing Time % Phy DF OF
1 Patrik Berglund Sergei Shirokov 60 1 2 2
2 Kyle Turris James Van Riemsdyk 40 1 2 2
4 vs 4 Defense
Defense Defense Time % Phy DF OF
1 Mattias Ohlund Daniel Tjarnqvist 60 1 2 2
2 Adam Pardy Wes O'Neill 40 1 2 2
Last Minutes Offensive
Center Left Wing Right Wing Defense Defense
Patrik Berglund Denis Hamel Sergei Shirokov Mattias Ohlund Daniel Tjarnqvist
Last Minutes Defensive
Center Left Wing Right Wing Defense Defense
Patrik Berglund Denis Hamel Sergei Shirokov Mattias Ohlund Daniel Tjarnqvist
Goaltenders
Starting : Mike Brodeur
Backup : Mark Dekanich
Extra Forwards
Normal : Nick Johnson, Kenndal McArdle, Kyle Turris - PP : Nick Johnson, Kenndal McArdle - PK : Kyle Turris
Extra Defensemen
Normal : Shawn Belle, Brendon Nash, Adam Pardy - PP : Shawn Belle - PK : Brendon Nash, Adam Pardy
Penalty Shots
Sergei Shirokov, Chris Clark, Denis Hamel, John Zeiler, Patrik Berglund
Princes
5 vs 5 Forward
Center Left Wing Right Wing Time % Phy DF OF
1 Boyd Gordon Alexander Korolyuk T.J. Oshie 35 1 2 2
2 Michael Nylander Ryan Hollweg Patric Hornqvist 35 1 1 3
3 Tyler Brenner Mason Raymond Brian McGrattan 25 1 2 2
4 John Madden Michael Haley Jonathan Tremblay 5 3 2 0
5 vs 5 Defense
Defense Defense Time % Phy DF OF
1 Noah Welch Nate Prosser 40 0 3 2
2 Sean Zimmerman Kevin Shattenkirk 30 0 3 2
3 Jason Strudwick Theo Peckham 20 0 3 2
4 Rostislav Klesla Rhett Warrener 10 0 3 2
PowerPlay Forward
Center Left Wing Right Wing Time % Phy DF OF
1 Michael Nylander Ryan Hollweg Patric Hornqvist 60 0 1 4
2 Boyd Gordon Mason Raymond T.J. Oshie 40 0 1 4
PowerPlay Defense
Defense Defense Time % Phy DF OF
1 Nate Prosser Kevin Shattenkirk 60 0 2 3
2 Sean Zimmerman Rostislav Klesla 40 0 2 3
Penalty Kill 4 Players Forward
Center Wing Time % Phy DF OF
1 Michael Nylander P.J. Axelsson 60 1 3 1
2 John Madden Boyd Gordon 40 1 3 1
Penalty Kill 4 Players Defense
Defense Defense Time % Phy DF OF
1 Sean Zimmerman Rhett Warrener 60 1 4 0
2 Jason Strudwick Noah Welch 40 1 4 0
Penalty Kill - 3 Players Forward
Forward Time % Phy DF OF
1 Michael Nylander 60 1 2 2
2 John Madden 40 1 2 2
Penalty Kill - 3 Players Defense
Defense Defense Time % Phy DF OF
1 Sean Zimmerman Rhett Warrener 60 1 2 2
2 Jason Strudwick Noah Welch 40 1 2 2
4 vs 4 Forward
Center Wing Time % Phy DF OF
1 Michael Nylander Patric Hornqvist 60 1 2 2
2 Boyd Gordon Ryan Hollweg 40 1 2 2
4 vs 4 Defense
Defense Defense Time % Phy DF OF
1 Rhett Warrener Noah Welch 60 1 2 2
2 Sean Zimmerman Kevin Shattenkirk 40 1 2 2
Last Minutes Offensive
Center Left Wing Right Wing Defense Defense
Michael Nylander Ryan Hollweg Patric Hornqvist Rostislav Klesla Kevin Shattenkirk
Last Minutes Defensive
Center Left Wing Right Wing Defense Defense
Michael Nylander P.J. Axelsson Brian McGrattan Jason Strudwick Noah Welch
Goaltenders
Starting : Manny Legace
Backup : Jonathan Bernier
Extra Forwards
Normal : John Madden, Alexander Korolyuk, Jonathan Tremblay - PP : Alexander Korolyuk, Brian McGrattan - PK : Brian McGrattan
Extra Defensemen
Normal : Rhett Warrener, Noah Welch, Rostislav Klesla - PP : Noah Welch - PK : Theo Peckham, Nate Prosser
Penalty Shots
Mason Raymond, Michael Nylander, Patric Hornqvist, Brian McGrattan, Ryan Hollweg
% Time on Ice - Atomiques
Lines # - Real PCT - Wanted PCT - Time Play
Normal Forward
1 - 36% - 40% - 14:51
2 - 33% - 30% - 13:43
3 - 14% - 20% - 5:48
4 - 16% - 10% - 6:38
Normal Defense
1 - 40% - 40% - 16:29
2 - 34% - 30% - 13:54
3 - 25% - 20% - 10:21
4 - 1% - 10% - 0:16
PP Forward
1 - 54% - 60% - 5:20
2 - 46% - 40% - 4:35
PP Defense
1 - 66% - 60% - 6:30
2 - 34% - 40% - 3:25
PK Forward
1 - 100% - 60% - 5:59
2 - 0% - 40% - 0:00
PK Defense
1 - 56% - 60% - 3:22
2 - 44% - 40% - 2:37
PK3 Forward
1 - 0% - 60%
2 - 0% - 40%
PK3 Defense
1 - 0% - 60%
2 - 0% - 40%
44 Forward
1 - 100% - 60% - 1:59
2 - 0% - 40% - 0:00
44 Defense
1 - 61% - 60% - 1:13
2 - 39% - 40% - 0:46
Last Minute Offensive - 1:07
Last Minute Defensive - 0:00
Total
Forward - 60:00
Defense - 60:00
|
% Time on Ice - Princes
Lines # - Real PCT - Wanted PCT - Time Play
Normal Forward
1 - 30% - 35% - 12:26
2 - 32% - 35% - 13:03
3 - 23% - 25% - 9:27
4 - 15% - 5% - 6:03
Normal Defense
1 - 38% - 40% - 15:41
2 - 30% - 30% - 12:26
3 - 21% - 20% - 8:29
4 - 11% - 10% - 4:23
PP Forward
1 - 60% - 60% - 3:34
2 - 40% - 40% - 2:25
PP Defense
1 - 65% - 60% - 3:52
2 - 35% - 40% - 2:07
PK Forward
1 - 62% - 60% - 6:09
2 - 38% - 40% - 3:46
PK Defense
1 - 58% - 60% - 5:48
2 - 42% - 40% - 4:07
PK3 Forward
1 - 0% - 60%
2 - 0% - 40%
PK3 Defense
1 - 0% - 60%
2 - 0% - 40%
44 Forward
1 - 81% - 60% - 1:36
2 - 19% - 40% - 0:23
44 Defense
1 - 57% - 60% - 1:08
2 - 43% - 40% - 0:51
Last Minute Offensive - 0:00
Last Minute Defensive - 1:08
Total
Forward - 60:00
Defense - 60:00
|
Play by Play
1st period
0:01 of 1st period - Boyd Gordon wins face-off versus Patrik Berglund in neutral zone.
0:10 of 1st period - Wrist shot by Alexander Korolyuk.
0:10 of 1st period - Shot Blocked by James Van Riemsdyk.
0:12 of 1st period - Snap shot by Alexander Korolyuk.
0:12 of 1st period - Shot Misses the Net.
0:14 of 1st period - Wrist shot by Boyd Gordon.
0:14 of 1st period - Stopped by Mike Brodeur without a rebound.
0:15 of 1st period - Brett Sutter wins face-off versus Michael Nylander in Atomiques zone.
0:21 of 1st period - Minor Penalty to Ryan Hollweg for Roughing.
0:22 of 1st period - Michael Nylander wins face-off versus Patrik Berglund in Princes zone.
1:18 of 1st period - Icing by Brendon Nash.
1:19 of 1st period - Kyle Turris wins face-off versus Michael Nylander in Atomiques zone.
1:24 of 1st period - Slapshot by Chris Clark.
1:24 of 1st period - Stopped by Manny Legace without a rebound.
1:25 of 1st period - Michael Nylander wins face-off versus Patrik Berglund in Princes zone.
1:34 of 1st period - Noah Welch is hit by Sergei Shirokov and loses puck.
1:39 of 1st period - Snap shot by Sergei Shirokov.
1:39 of 1st period - Shot Misses the Net.
2:21 of 1st period - Penalty to Ryan Hollweg is over, Ryan Hollweg is back on ice.
2:37 of 1st period - Mattias Ohlund is hit by Brian McGrattan and loses puck.
3:39 of 1st period - James Van Riemsdyk is hit by Boyd Gordon and loses puck.
4:05 of 1st period - Snap shot by Brian McGrattan.
4:05 of 1st period - Stopped by Mike Brodeur with a rebound.
4:51 of 1st period - Nate Prosser is hit by Denis Hamel and loses puck.
4:58 of 1st period - Chris Clark is hit by John Madden and loses puck.
5:08 of 1st period - Icing by Mattias Ohlund.
5:09 of 1st period - Boyd Gordon wins face-off versus Patrik Berglund in Atomiques zone.
5:44 of 1st period - Snap shot by Michael Nylander.
5:44 of 1st period - Shot Misses the Net.
6:03 of 1st period - Slapshot by Mattias Ohlund.
6:03 of 1st period - Shot Misses the Net.
6:21 of 1st period - Snap shot by Alexander Korolyuk.
6:21 of 1st period - Deflect By Boyd Gordon.
6:21 of 1st period - Shot Misses the Net.
6:21 of 1st period - Puck is out of play.
6:22 of 1st period - Boyd Gordon wins face-off versus Patrik Berglund in Atomiques zone.
6:41 of 1st period - Snap shot by T.J. Oshie.
6:41 of 1st period - Stopped by Mike Brodeur with a rebound.
6:49 of 1st period - Snap shot by Boyd Gordon.
6:49 of 1st period - Stopped by Mike Brodeur with a rebound.
7:05 of 1st period - Snap shot by Patrik Berglund.
7:05 of 1st period - Stopped by Manny Legace with a rebound.
7:07 of 1st period - Wrist shot by Adam Pardy.
7:07 of 1st period - Stopped by Manny Legace with a rebound.
7:09 of 1st period - Slapshot by Adam Pardy.
7:09 of 1st period - Deflect By Sergei Shirokov.
7:09 of 1st period - Stopped by Manny Legace with a rebound.
7:11 of 1st period - Wrist shot by Brendon Nash.
7:11 of 1st period - Shot Misses the Net.
7:19 of 1st period - Snap shot by James Van Riemsdyk.
7:19 of 1st period - Stopped by Manny Legace without a rebound.
7:20 of 1st period - Michael Nylander wins face-off versus Brett Sutter in Princes zone.
8:13 of 1st period - Wrist shot by John Madden.
8:13 of 1st period - Shot Blocked by Daniel Tjarnqvist.
8:19 of 1st period - Wrist shot by Kenndal McArdle.
8:19 of 1st period - Stopped by Manny Legace without a rebound.
8:20 of 1st period - Brett Sutter wins face-off versus Michael Nylander in Princes zone.
8:25 of 1st period - Snap shot by Chris Clark.
8:25 of 1st period - Stopped by Manny Legace with a rebound.
8:27 of 1st period - Snap shot by Chris Clark.
8:27 of 1st period - Deflect By Brett Sutter.
8:27 of 1st period - Stopped by Manny Legace with a rebound.
8:29 of 1st period - Snap shot by Chris Clark.
8:29 of 1st period - Stopped by Manny Legace with a rebound.
8:31 of 1st period - Snap shot by Denis Hamel.
8:31 of 1st period - Shot Misses the Net.
9:26 of 1st period - Nate Prosser is hit by Brett Sutter and loses puck.
10:13 of 1st period - Slapshot by Mason Raymond.
10:13 of 1st period - Shot Misses the Net.
10:15 of 1st period - Slapshot by Tyler Brenner.
10:15 of 1st period - Shot Misses the Net.
10:27 of 1st period - Wrist shot by Patrik Berglund.
10:27 of 1st period - Shot Misses the Net.
10:42 of 1st period - Icing by Shawn Belle.
10:43 of 1st period - Patrik Berglund wins face-off versus Michael Haley in Atomiques zone.
10:52 of 1st period - Minor Penalty to Michael Haley for Holding.
10:53 of 1st period - Michael Nylander wins face-off versus Patrik Berglund in Princes zone.
12:13 of 1st period - Patrik Berglund is hit by Alexander Korolyuk and loses puck.
12:24 of 1st period - Wrist shot by Brian McGrattan.
12:24 of 1st period - Shot Misses the Net.
12:52 of 1st period - Penalty to Michael Haley is over, Michael Haley is back on ice.
13:20 of 1st period - Snap shot by Brian McGrattan.
13:20 of 1st period - Shot Misses the Net.
13:24 of 1st period - Slapshot by Brian McGrattan.
13:24 of 1st period - Shot Misses the Net.
13:26 of 1st period - Slapshot by Rhett Warrener.
13:26 of 1st period - Shot Blocked by Wes O'Neill.
15:43 of 1st period - Icing by James Van Riemsdyk.
15:44 of 1st period - Patrik Berglund wins face-off versus Michael Nylander in Atomiques zone.
15:51 of 1st period - Wrist shot by Patric Hornqvist.
15:51 of 1st period - Stopped by Mike Brodeur with a rebound.
16:16 of 1st period - Minor Penalty to Mason Raymond for Hooking.
16:17 of 1st period - Michael Nylander wins face-off versus James Van Riemsdyk in Princes zone.
18:16 of 1st period - Penalty to Mason Raymond is over, Mason Raymond is back on ice.
18:25 of 1st period - Wrist shot by Nick Johnson.
18:25 of 1st period - Stopped by Manny Legace with a rebound.
18:27 of 1st period - Snap shot by Nick Johnson.
18:27 of 1st period - Shot Misses the Net.
18:29 of 1st period - Slapshot by Shawn Belle.
18:29 of 1st period - Stopped by Manny Legace with a rebound.
18:43 of 1st period - Wrist shot by Brian McGrattan.
18:43 of 1st period - Stopped by Mike Brodeur without a rebound.
18:44 of 1st period - Michael Nylander wins face-off versus Kyle Turris in Atomiques zone.
19:05 of 1st period - Noah Welch is hit by Brett Sutter and loses puck.
19:18 of 1st period - Mason Raymond is hit by Shawn Belle and loses puck.
19:47 of 1st period - Shawn Belle is hit by Ryan Hollweg.
2nd period
0:01 of 2nd period - Michael Nylander wins face-off versus Patrik Berglund in neutral zone.
0:08 of 2nd period - Wrist shot by Michael Nylander.
0:08 of 2nd period - Shot Blocked by Wes O'Neill.
0:14 of 2nd period - Nate Prosser is hit by Sergei Shirokov and loses puck.
0:22 of 2nd period - Icing by Nate Prosser.
0:23 of 2nd period - Brett Sutter wins face-off versus Boyd Gordon in Princes zone.
0:32 of 2nd period - Chris Clark is hit by Alexander Korolyuk and loses puck.
0:33 of 2nd period - Chris Clark from Atomiques is injured at 0:33 of 2nd period (Broken Right Thumb).
0:34 of 2nd period - Michael Nylander wins face-off versus Patrik Berglund in Atomiques zone.
0:37 of 2nd period - Backhand shot by Ryan Hollweg.
0:37 of 2nd period - Stopped by Mike Brodeur with a rebound.
0:39 of 2nd period - Snap shot by Michael Nylander.
0:39 of 2nd period - Shot Blocked by Sergei Shirokov.
0:41 of 2nd period - Slapshot by Nate Prosser.
0:41 of 2nd period - Shot Blocked by Patrik Berglund.
0:43 of 2nd period - Backhand shot by Noah Welch.
0:43 of 2nd period - Stopped by Mike Brodeur with a rebound.
0:45 of 2nd period - Wrist shot by Michael Nylander.
0:45 of 2nd period - Stopped by Mike Brodeur without a rebound.
0:46 of 2nd period - Patric Hornqvist wins face-off versus Patrik Berglund in Atomiques zone.
0:55 of 2nd period - Backhand shot by Patric Hornqvist.
0:55 of 2nd period - Shot Blocked by James Van Riemsdyk.
1:28 of 2nd period - Boyd Gordon is hit by Kenndal McArdle.
1:46 of 2nd period - Wrist shot by Brian McGrattan.
1:46 of 2nd period - Deflect By Mason Raymond.
1:46 of 2nd period - Shot Misses the Net.
1:46 of 2nd period - Puck is out of play.
1:47 of 2nd period - Michael Nylander wins face-off versus Patrik Berglund in Atomiques zone.
1:58 of 2nd period - Snap shot by Sergei Shirokov.
1:58 of 2nd period - Stopped by Manny Legace without a rebound.
1:59 of 2nd period - Patrik Berglund wins face-off versus Boyd Gordon in Princes zone.
2:10 of 2nd period - Snap shot by Sergei Shirokov.
2:10 of 2nd period - Deflect By Patrik Berglund.
2:10 of 2nd period - Stopped by Manny Legace with a rebound.
2:12 of 2nd period - Snap shot by Adam Pardy.
2:12 of 2nd period - Shot Blocked by Nate Prosser.
2:14 of 2nd period - Slapshot by Adam Pardy.
2:14 of 2nd period - Stopped by Manny Legace without a rebound.
2:15 of 2nd period - Brett Sutter wins face-off versus Michael Nylander in Princes zone.
2:18 of 2nd period - Slapshot by Mattias Ohlund.
2:18 of 2nd period - Shot Blocked by Noah Welch.
3:06 of 2nd period - Sergei Shirokov is hit by Jonathan Tremblay and loses puck.
3:17 of 2nd period - Slapshot by Adam Pardy.
3:17 of 2nd period - Deflect By Jason Strudwick.
3:17 of 2nd period - Stopped by Manny Legace with a rebound.
3:19 of 2nd period - Slapshot by Brendon Nash.
3:19 of 2nd period - Shot Misses the Net.
3:21 of 2nd period - Snap shot by James Van Riemsdyk.
3:21 of 2nd period - Stopped by Manny Legace with a rebound.
3:23 of 2nd period - Slapshot by Brendon Nash.
3:23 of 2nd period - Deflect By Patrik Berglund.
3:23 of 2nd period - Goal by Patrik Berglund - Atomiques : 1 - Princes : 0.
3:24 of 2nd period - Brett Sutter wins face-off versus Michael Nylander in neutral zone.
3:33 of 2nd period - Snap shot by Ryan Hollweg.
3:33 of 2nd period - Shot Misses the Net.
3:35 of 2nd period - Slapshot by Ryan Hollweg.
3:35 of 2nd period - Shot Misses the Net.
3:37 of 2nd period - Snap shot by Ryan Hollweg.
3:37 of 2nd period - Deflect By Patric Hornqvist.
3:37 of 2nd period - Goal by Patric Hornqvist - Atomiques : 1 - Princes : 1.
3:38 of 2nd period - Boyd Gordon wins face-off versus James Van Riemsdyk in neutral zone.
3:41 of 2nd period - Slapshot by Alexander Korolyuk.
3:41 of 2nd period - Stopped by Mike Brodeur without a rebound.
3:42 of 2nd period - Boyd Gordon wins face-off versus Patrik Berglund in Atomiques zone.
3:43 of 2nd period - Snap shot by Alexander Korolyuk.
3:43 of 2nd period - Stopped by Mike Brodeur with a rebound.
3:45 of 2nd period - Wrist shot by Noah Welch.
3:45 of 2nd period - Stopped by Mike Brodeur with a rebound.
3:51 of 2nd period - Slapshot by T.J. Oshie.
3:51 of 2nd period - Stopped by Mike Brodeur with a rebound.
3:53 of 2nd period - Slapshot by Boyd Gordon.
3:53 of 2nd period - Stopped by Mike Brodeur without a rebound.
3:54 of 2nd period - Michael Nylander wins face-off versus Patrik Berglund in Atomiques zone.
4:38 of 2nd period - Slapshot by John Zeiler.
4:38 of 2nd period - Stopped by Manny Legace without a rebound.
4:39 of 2nd period - Tyler Brenner wins face-off versus Kyle Turris in Princes zone.
5:06 of 2nd period - Sean Zimmerman is hit by Sergei Shirokov.
5:07 of 2nd period - Minor Penalty to Sean Zimmerman for Tripping.
5:08 of 2nd period - Michael Nylander wins face-off versus Patrik Berglund in Princes zone.
5:19 of 2nd period - Snap shot by Patrik Berglund.
5:19 of 2nd period - Shot Misses the Net.
5:21 of 2nd period - Snap shot by Patrik Berglund.
5:21 of 2nd period - Stopped by Manny Legace without a rebound.
5:22 of 2nd period - Patrik Berglund wins face-off versus Michael Nylander in Princes zone.
5:25 of 2nd period - Slapshot by Mattias Ohlund.
5:25 of 2nd period - Shot Blocked by Michael Nylander.
5:27 of 2nd period - Snap shot by Wes O'Neill.
5:27 of 2nd period - Shot Blocked by Rhett Warrener.
6:07 of 2nd period - P.J. Axelsson is hit by Denis Hamel and loses puck.
6:31 of 2nd period - Icing by Sergei Shirokov.
6:32 of 2nd period - John Madden wins face-off versus Patrik Berglund in Atomiques zone.
6:33 of 2nd period - Slapshot by Boyd Gordon.
6:33 of 2nd period - Shot Misses the Net.
6:39 of 2nd period - Slapshot by Boyd Gordon.
6:39 of 2nd period - Stopped by Mike Brodeur with a rebound.
6:41 of 2nd period - Slapshot by Theo Peckham.
6:41 of 2nd period - Shot Misses the Net.
7:07 of 2nd period - Penalty to Sean Zimmerman is over, Sean Zimmerman is back on ice.
7:36 of 2nd period - Snap shot by Sergei Shirokov.
7:36 of 2nd period - Deflect By Patrik Berglund.
7:36 of 2nd period - Stopped by Manny Legace with a rebound.
7:54 of 2nd period - Snap shot by Sean Zimmerman.
7:54 of 2nd period - Shot Misses the Net.
7:56 of 2nd period - Slapshot by Theo Peckham.
7:56 of 2nd period - Deflect By Boyd Gordon.
7:56 of 2nd period - Shot Blocked by Patrik Berglund.
7:56 of 2nd period - Patrik Berglund from Atomiques is injured at 7:56 of 2nd period (Left Hand).
7:57 of 2nd period - Brett Sutter wins face-off versus Boyd Gordon in Atomiques zone.
8:00 of 2nd period - Minor Penalty to Nick Johnson for Diving.
8:01 of 2nd period - Michael Nylander wins face-off versus Sergei Shirokov in Atomiques zone.
8:34 of 2nd period - Snap shot by T.J. Oshie.
8:34 of 2nd period - Shot Blocked by Sergei Shirokov.
10:00 of 2nd period - Penalty to Nick Johnson is over, Nick Johnson is back on ice.
10:14 of 2nd period - Icing by John Madden.
10:15 of 2nd period - John Madden wins face-off versus Drew Larman in Princes zone.
10:22 of 2nd period - Wrist shot by John Madden.
10:22 of 2nd period - Shot Misses the Net.
10:24 of 2nd period - Slapshot by Theo Peckham.
10:24 of 2nd period - Stopped by Mike Brodeur with a rebound.
10:36 of 2nd period - Snap shot by John Madden.
10:36 of 2nd period - Stopped by Mike Brodeur without a rebound.
10:37 of 2nd period - James Van Riemsdyk wins face-off versus Boyd Gordon in Atomiques zone.
11:02 of 2nd period - Rhett Warrener is hit by Denis Hamel and loses puck.
11:11 of 2nd period - Brett Sutter is hit by Michael Nylander and loses puck.
11:28 of 2nd period - James Van Riemsdyk is hit by Mason Raymond and loses puck.
11:42 of 2nd period - Off-side.
11:43 of 2nd period - Drew Larman wins face-off versus John Madden in neutral zone.
11:43 of 2nd period - Drew Larman is hit by Jonathan Tremblay.
11:47 of 2nd period - Michael Haley is hit by Carl Hagelin and loses puck.
11:49 of 2nd period - Minor Penalty to Jonathan Tremblay for High sticking.
11:49 of 2nd period - Minor Penalty to Nick Johnson for Hooking.
11:50 of 2nd period - Kenndal McArdle wins face-off versus Michael Nylander in Princes zone.
12:56 of 2nd period - Wrist shot by Boyd Gordon.
12:56 of 2nd period - Shot Misses the Net.
13:49 of 2nd period - Penalty to Jonathan Tremblay is over, Jonathan Tremblay is back on ice.
13:49 of 2nd period - Penalty to Nick Johnson is over, Nick Johnson is back on ice.
14:14 of 2nd period - Wrist shot by Boyd Gordon.
14:14 of 2nd period - Stopped by Mike Brodeur without a rebound.
14:15 of 2nd period - Brett Sutter wins face-off versus Tyler Brenner in Atomiques zone.
14:24 of 2nd period - Snap shot by Mason Raymond.
14:24 of 2nd period - Deflect By Brett Sutter.
14:24 of 2nd period - Stopped by Mike Brodeur with a rebound.
14:36 of 2nd period - Icing by Denis Hamel.
14:37 of 2nd period - Boyd Gordon wins face-off versus Brett Sutter in Atomiques zone.
15:14 of 2nd period - Icing by Sean Zimmerman.
15:15 of 2nd period - Boyd Gordon wins face-off versus Nick Johnson in Princes zone.
15:28 of 2nd period - Slapshot by Brendon Nash.
15:28 of 2nd period - Stopped by Manny Legace without a rebound.
15:29 of 2nd period - Nick Johnson wins face-off versus Michael Nylander in Princes zone.
15:30 of 2nd period - Snap shot by Sergei Shirokov.
15:30 of 2nd period - Deflect By Ryan Hollweg.
15:30 of 2nd period - Shot Misses the Net.
15:30 of 2nd period - Puck is out of play.
15:31 of 2nd period - Michael Nylander wins face-off versus Nick Johnson in Princes zone.
15:46 of 2nd period - Wrist shot by Michael Nylander.
15:46 of 2nd period - Deflect By Brendon Nash.
15:46 of 2nd period - Stopped by Mike Brodeur with a rebound.
16:20 of 2nd period - Snap shot by Adam Pardy.
16:20 of 2nd period - Shot Blocked by Sean Zimmerman.
16:22 of 2nd period - Snap shot by Adam Pardy.
16:22 of 2nd period - Stopped by Manny Legace with a rebound.
16:24 of 2nd period - Slapshot by Adam Pardy.
16:24 of 2nd period - Shot Misses the Net.
17:41 of 2nd period - Slapshot by Ryan Hollweg.
17:41 of 2nd period - Stopped by Mike Brodeur with a rebound.
18:03 of 2nd period - Slapshot by Mason Raymond.
18:03 of 2nd period - Stopped by Mike Brodeur with a rebound.
19:42 of 2nd period - Sergei Shirokov is hit by Alexander Korolyuk and loses puck.
19:47 of 2nd period - Brett Sutter is hit by Noah Welch and loses puck.
3rd period
0:01 of 3rd period - T.J. Oshie wins face-off versus James Van Riemsdyk in neutral zone.
0:49 of 3rd period - Snap shot by John Zeiler.
0:49 of 3rd period - Shot Misses the Net.
0:51 of 3rd period - Slapshot by Brendon Nash.
0:51 of 3rd period - Deflect By Mason Raymond.
0:51 of 3rd period - Stopped by Manny Legace with a rebound.
0:53 of 3rd period - Snap shot by Kenndal McArdle.
0:53 of 3rd period - Deflect By Kevin Shattenkirk.
0:53 of 3rd period - Shot Misses the Net.
0:53 of 3rd period - Puck is out of play.
0:54 of 3rd period - Kyle Turris wins face-off versus Tyler Brenner in Princes zone.
1:15 of 3rd period - Slapshot by Mason Raymond.
1:15 of 3rd period - Shot Misses the Net.
1:17 of 3rd period - Wrist shot by Mason Raymond.
1:17 of 3rd period - Shot Misses the Net.
1:39 of 3rd period - Alexander Korolyuk is hit by Brett Sutter.
1:43 of 3rd period - Kyle Turris is hit by Jason Strudwick and loses puck.
1:45 of 3rd period - Minor Penalty to Theo Peckham for Hooking.
1:46 of 3rd period - Michael Nylander wins face-off versus Nick Johnson in Princes zone.
1:57 of 3rd period - Snap shot by P.J. Axelsson.
1:57 of 3rd period - Shot Misses the Net.
3:45 of 3rd period - Penalty to Theo Peckham is over, Theo Peckham is back on ice.
4:08 of 3rd period - John Zeiler is hit by Noah Welch and loses puck.
4:17 of 3rd period - Snap shot by John Madden.
4:17 of 3rd period - Stopped by Mike Brodeur with a rebound.
4:19 of 3rd period - Snap shot by Michael Haley.
4:19 of 3rd period - Shot Misses the Net.
5:17 of 3rd period - Off-side.
5:18 of 3rd period - Michael Nylander wins face-off versus Drew Larman in neutral zone.
5:21 of 3rd period - Snap shot by Patric Hornqvist.
5:21 of 3rd period - Goal by Patric Hornqvist - Atomiques : 1 - Princes : 2.
5:22 of 3rd period - Ryan Hollweg wins face-off versus Nick Johnson in neutral zone.
6:07 of 3rd period - Wrist shot by Ryan Hollweg.
6:07 of 3rd period - Stopped by Mike Brodeur without a rebound.
6:08 of 3rd period - Nick Johnson wins face-off versus Boyd Gordon in Atomiques zone.
6:22 of 3rd period - Double Minor Penalty to James Van Riemsdyk for Slashing.
6:23 of 3rd period - Sergei Shirokov wins face-off versus Michael Nylander in Atomiques zone.
6:48 of 3rd period - Daniel Tjarnqvist is hit by T.J. Oshie and loses puck.
10:06 of 3rd period - Denis Hamel is hit by Ryan Hollweg and loses puck.
10:22 of 3rd period - Penalty to James Van Riemsdyk is over, James Van Riemsdyk is back on ice.
10:33 of 3rd period - Backhand shot by Wes O'Neill.
10:33 of 3rd period - Deflect By Carl Hagelin.
10:33 of 3rd period - Shot Misses the Net.
10:33 of 3rd period - Puck is out of play.
10:34 of 3rd period - John Madden wins face-off versus Nick Johnson in Princes zone.
10:41 of 3rd period - Snap shot by James Van Riemsdyk.
10:41 of 3rd period - Stopped by Manny Legace without a rebound.
10:42 of 3rd period - John Madden wins face-off versus Nick Johnson in Princes zone.
11:15 of 3rd period - Wrist shot by Kenndal McArdle.
11:15 of 3rd period - Shot Blocked by Jason Strudwick.
11:17 of 3rd period - Wrist shot by Kyle Turris.
11:17 of 3rd period - Stopped by Manny Legace with a rebound.
11:19 of 3rd period - Snap shot by John Zeiler.
11:19 of 3rd period - Shot Misses the Net.
11:21 of 3rd period - Wrist shot by Kenndal McArdle.
11:21 of 3rd period - Shot Misses the Net.
11:37 of 3rd period - Snap shot by Patric Hornqvist.
11:37 of 3rd period - Shot Misses the Net.
12:21 of 3rd period - Jonathan Tremblay is hit by James Van Riemsdyk and loses puck.
12:40 of 3rd period - Adam Pardy is hit by Ryan Hollweg and loses puck.
13:03 of 3rd period - Mason Raymond is hit by Kenndal McArdle.
14:26 of 3rd period - Slapshot by Brian McGrattan.
14:26 of 3rd period - Shot Blocked by Mattias Ohlund.
14:28 of 3rd period - Snap shot by Mason Raymond.
14:28 of 3rd period - Shot Hit the Post.
14:30 of 3rd period - Slapshot by Noah Welch.
14:30 of 3rd period - Shot Hit the Post.
14:32 of 3rd period - Wrist shot by Mason Raymond.
14:32 of 3rd period - Shot Misses the Net.
14:51 of 3rd period - Wrist shot by John Madden.
14:51 of 3rd period - Shot Blocked by Daniel Tjarnqvist.
15:26 of 3rd period - Snap shot by Mason Raymond.
15:26 of 3rd period - Stopped by Mike Brodeur without a rebound.
15:27 of 3rd period - Brian McGrattan wins face-off versus Denis Hamel in Atomiques zone.
16:20 of 3rd period - Denis Hamel is hit by Nate Prosser.
17:40 of 3rd period - Snap shot by Sergei Shirokov.
17:40 of 3rd period - Shot Misses the Net.
18:54 of 3rd period - Michael Nylander is hit by Brendon Nash and loses puck.
19:07 of 3rd period - Wrist shot by Michael Nylander.
19:07 of 3rd period - Shot Blocked by James Van Riemsdyk.
19:09 of 3rd period - Slapshot by P.J. Axelsson.
19:09 of 3rd period - Shot Misses the Net.
19:11 of 3rd period - Wrist shot by P.J. Axelsson.
19:11 of 3rd period - Shot Misses the Net.
19:13 of 3rd period - Snap shot by Jason Strudwick.
19:13 of 3rd period - Stopped by Mike Brodeur with a rebound.
19:15 of 3rd period - Wrist shot by P.J. Axelsson.
19:15 of 3rd period - Stopped by Mike Brodeur with a rebound.
19:17 of 3rd period - Slapshot by Brian McGrattan.
19:17 of 3rd period - Stopped by Mike Brodeur with a rebound.
19:19 of 3rd period - Snap shot by Michael Nylander.
19:19 of 3rd period - Shot Misses the Net.
19:21 of 3rd period - Snap shot by Jason Strudwick.
19:21 of 3rd period - Stopped by Mike Brodeur with a rebound.
19:23 of 3rd period - Snap shot by P.J. Axelsson.
19:23 of 3rd period - Stopped by Mike Brodeur with a rebound.
19:25 of 3rd period - Wrist shot by Brian McGrattan.
19:25 of 3rd period - Stopped by Mike Brodeur without a rebound.
19:26 of 3rd period - Cory Clouston call a timeout for Atomiques.
19:26 of 3rd period - Michael Nylander wins face-off versus Drew Larman in Atomiques zone.
19:41 of 3rd period - Atomiques, Mike Brodeur is pulled from the net.
19:41 of 3rd period - Slapshot by Daniel Tjarnqvist.
19:41 of 3rd period - Stopped by Manny Legace without a rebound.
19:42 of 3rd period - Michael Nylander wins face-off versus Drew Larman in Princes zone.
19:55 of 3rd period - Wrist shot by P.J. Axelsson.
19:55 of 3rd period - Goal by P.J. Axelsson - Atomiques : 1 - Princes : 3.
19:55 of 3rd period - Mike Brodeur from Atomiques was sent back in the game.
19:56 of 3rd period - Michael Nylander wins face-off versus Kyle Turris in neutral zone.
19:58 of 3rd period - Minor Penalty to Kyle Turris for Holding Stick.
19:59 of 3rd period - Michael Nylander wins face-off versus Sergei Shirokov in Atomiques zone.
Output by the SimonT Hockey Simulator (STHS) for François Prévost -- Original Page W3C XHTML 1.0 Valid